 Dungeon Crawl Stone Soup version 0.26-a0-757-g626ac9e51a (webtiles) character file.

Game seed: 14902575708677417117

2830 strifetoe the Severer (level 9, -10/70 HPs)
             Began as a Hill Orc Fighter on Nov 7, 2020.
             Mangled by a white ugly thing (32 damage)
             ... on level 9 of the Dungeon.
             The game lasted 00:05:07 (6847 turns).

strifetoe the Severer (Hill Orc Fighter)            Turns: 6847, Time: 00:05:08

Health: -10/70     AC: 13    Str: 22    XL:     9   Next: 73%
Magic:  9/9        EV:  4    Int:  8    God:
Gold:   222        SH:  9    Dex: 10    Spells: 8/8 levels left

rFire    . . .     SeeInvis .   a - +0 war axe
rCold    . . .     Faith    .   c - +0 kite shield
rNeg     . . .     Spirit   .   y - +0 plate armour (curse)
rPois    .         Reflect  .   (no helmet)
rElec    .         Harm     .   (no cloak)
rCorr    .         Rampage  .   u - +0 pair of gloves
MR       .....                  g - +0 pair of boots
Stlth    ..........             (no amulet)
HPRegen  0.21/turn              (no ring)
MPRegen  0.11/turn              (no ring)

@: mighty
A: no striking features
a: no special abilities


You were on level 9 of the Dungeon.
You visited 1 branch of the dungeon, and saw 9 of its levels.

You collected 222 gold pieces.

Inventory:

Hand Weapons
 a - a +0 war axe (weapon)
 o - a +0 morningstar
Armour
 b - a +0 scale mail
 c - a +0 kite shield (worn)
 g - a +0 pair of boots (worn)
 u - a +0 pair of gloves (worn)
 y - a cursed +0 plate armour (worn)
Jewellery
 f - an uncursed amulet of magic regeneration {unknown}
 l - an uncursed amulet of faith {unknown}
 B - the amulet of Acups {RegenMP *Corrode Int+7 Stlth+, unknown}
   (You found it on level 9 of the Dungeon)

   [amulet of magic regeneration]

   It increases your magic regeneration.
   It affects your intelligence (+7).
   It may corrode you when you take damage.
   It makes you more stealthy.
Wands
 q - a wand of flame (20)
 t - a wand of paralysis (9)
 x - a wand of disintegration (10)
Scrolls
 d - 2 scrolls of noise {unknown}
 h - 7 scrolls of identify {unknown}
 i - 2 scrolls of immolation {unknown}
 j - 3 scrolls of magic mapping {unknown}
 k - 7 scrolls of remove curse {unknown}
 m - a scroll of enchant weapon {unknown}
 p - 2 scrolls of fog {unknown}
 r - 3 scrolls of blinking {unknown}
 v - a scroll of enchant armour {unknown}
 C - a scroll of amnesia {unknown}
Potions
 e - a potion of invisibility {unknown}
 n - a potion of lignification {unknown}
 s - 2 potions of curing {unknown}
 w - a potion of ambrosia {unknown}
 z - 2 potions of berserk rage {unknown}


   Skills:
 - Level 3.6 Fighting
 + Level 16.0 Axes
 - Level 3.2 Armour
 - Level 3.2 Shields


You had 8 spell levels left.
You didn't know any spells.
Your spell library contained the following spells:

 Spells                   Type           Power        Failure   Level
 Magic Dart               Conj           #...         100%        1
 Blink                    Tloc           N/A          100%        2
 Call Imp                 Summ           #.......     100%        2
 Slow                     Hex            #.......     100%        2
 Conjure Flame            Conj/Fire      #.......     100%        3
 Mephitic Cloud           Conj/Pois/Air  #.......     100%        3


Dungeon Overview and Level Annotations

Branches:
Dungeon (9/15)                Orc (0/2) D:9
 Temple: D:4-7         Lair: D:8-11

Altars:
Dithmenos
Gozag
Makhleb
Nemelex Xobeh
Trog
Vehumet
Xom
Zin

Shops:
D:8 [

Annotations:
D:3 Ijyb
D:7 exclusion: oklob plant


Message History

You are too injured to fight recklessly!
You are too injured to fight recklessly!
You are too injured to fight recklessly!
You are too injured to fight recklessly!
You are too injured to fight recklessly!
You are too injured to fight recklessly!
Unknown command.
Unknown command.
The hound bites you.
Items here: )) [[.
Things that are here:
a cursed -2 dagger; a +0 robe; an orc corpse The white ugly thing claws you but does no damage.
There is an open door here.
There is a staircase to the Orcish Mines here.
Found a stone staircase leading down.
Found a lumpy golden potion.
You feel very mighty all of a sudden. The white ugly thing claws you!
The white ugly thing freezes you!!
You die...

###### ##### #.....
..!###########...###.....
...>....@uh..+...........
....########.>[..###.....
#.........####...###.....
#.......†))h.'...........
##........####...##......
##.....(................
.........##########......
#........# #+##...
#........# ##..


You could see a white ugly thing and a hound.

Vanquished Creatures
  Pikel (D:8)
  Psyche (D:8)
  An orc warrior (D:9)
  A sky beast (D:6)
  A black bear (D:7)
  A hornet zombie (D:5)
  A phantom (D:7)
  An ogre (D:8)
  4 centaurs
  4 lemures (D:8)
  A big kobold (D:7)
  4 bullfrogs
  A wyvern zombie (D:7)
  4 wights
  2 bullfrog zombies
  A quasit (D:5)
  2 hounds
  2 centaur skeletons
  4 orc wizards
  2 iguanas
  4 worker ants
  A hound skeleton (D:2)
  4 adders
  5 shadow imps
  A white imp (D:5)
  3 ufetubi
  An ooze (D:4)
  An adder skeleton (D:4)
  2 leopard geckos
  13 orcs
  4 bats
  5 giant cockroaches
  A goblin (D:2)
  7 hobgoblins
  12 kobolds
  A quokka (D:7)
  A ball python (D:2)
  5 frilled lizards
  A leopard gecko skeleton (D:4)
  4 rats
115 creatures vanquished.

Notes
Turn   | Place    | Note
-------+----------+-------------------------------------------
     0 | D:1      | strifetoe the Hill Orc Fighter began the quest for the Orb.
     0 | D:1      | Reached XP level 1. HP: 19/19 MP: 1/1
    22 | D:1      | Reached skill level 3 in Axes
    82 | D:1      | Reached XP level 2. HP: 12/26 MP: 2/2
   328 | D:2      | Reached skill level 4 in Axes
   590 | D:2      | Reached XP level 3. HP: 31/31 MP: 3/3
   722 | D:2      | Found a glowing silver altar of Zin.
   828 | D:2      | Reached skill level 5 in Axes
   945 | D:3      | Reached XP level 4. HP: 15/39 MP: 4/4
   979 | D:3      | HP: 1/39 [poisoned by a worker ant]
  1509 | D:3      | Noticed Ijyb
  1678 | D:4      | Reached skill level 6 in Axes
  2009 | D:4      | Noticed an ogre
  2023 | D:5      | Entered Level 5 of the Dungeon
  2064 | D:5      | Reached XP level 5. HP: 17/45 MP: 5/5
  2311 | D:5      | Reached skill level 7 in Axes
  2783 | D:5      | Reached skill level 8 in Axes
  2783 | D:5      | Reached XP level 6. HP: 51/51 MP: 6/6
  2925 | D:5      | Found a burning altar of Makhleb.
  3107 | D:5      | Reached skill level 9 in Axes
  3483 | D:5      | Found a radiant altar of Vehumet.
  3673 | D:6      | Reached XP level 7. HP: 40/57 MP: 7/7
  3796 | D:6      | Reached skill level 10 in Axes
  4178 | D:5      | Reached skill level 11 in Axes
  4554 | D:6      | Reached XP level 8. HP: 53/64 MP: 8/8
  4722 | D:7      | Found an opulent altar of Gozag.
  4732 | D:7      | Reached skill level 12 in Axes
  4798 | D:7      | Found a glowing silver altar of Zin.
  4798 | D:7      | Noticed an oklob plant
  4822 | D:7      | Found a shadowy altar of Dithmenos.
  4923 | D:7      | Reached skill level 13 in Axes
  5529 | D:8      | Noticed Pikel
  5552 | D:8      | Killed Pikel
  5552 | D:8      | Reached skill level 14 in Axes
  5552 | D:8      | Reached XP level 9. HP: 38/70 MP: 9/9
  6016 | D:8      | Reached skill level 15 in Axes
  6021 | D:8      | Noticed Psyche
  6037 | D:8      | Killed Psyche
  6455 | D:8      | Found a bloodstained altar of Trog.
  6456 | D:8      | Found a sparkling altar of Nemelex Xobeh.
  6462 | D:8      | Found a shimmering altar of Xom.
  6631 | D:8      | Found Visost's Antique Armour Shoppe.
  6709 | D:9      | Got a scorched iron amulet
  6721 | D:9      | Found a staircase to the Orcish Mines.
  6756 | D:9      | Reached skill level 16 in Axes
  6825 | D:9      | Noticed a white ugly thing
  6847 | D:9      | Mangled by a white ugly thing

Illustrated notes

Levels and vault maps discovered:
D:1:      dpeg_arrival_water_altar, layout_loops_corners
D:2:      layout_loops_corners, lemuel_tele_altar
D:3:      minmay_octagon_keep, layout_loops_cross, minmay_misc_feat_chi,
          uniq_grinder, uniq_ijyb
D:4:      layout_basic, serial_forest, infiniplex_forest_corner_1,
          infiniplex_forest_clump_small, infiniplex_forest_straight_3,
          infiniplex_forest_lined_2, infiniplex_forest_lined_2,
          infiniplex_forest_corner_1, infiniplex_forest_straight_3
D:5:      cheibrodos_helix_gallery, layout_basic, lemuel_round_altar,
          vehumet_altar_wand_db, st_stairs_8
D:6:      layout_basic
D:7:      wad_pebble_path, layout_gridville, nicolae_overflow_hidden_temple,
          nicolae_overflow_crystal_walls, minmay_temple_entry_sparse_star,
          lemuel_oklob_altar
D:8:      layout_cave_pods, chequers_temple_overflow_statue_of_worship,
          serial_shops, nicolae_shop_trees, uniq_erica, uniq_pikel, uniq_psyche,
          uniq_harold
D:9:      minmay_the_grid_square_5x5_3x3 [minmay_the_grid_square_5x5_bridge,
          minmay_the_grid_square_5x5_tie, minmay_the_grid_square_5x5_plus,
          minmay_the_grid_square_5x5_gyroscope,
          minmay_the_grid_square_5x5_megaprize_diamond,
          minmay_the_grid_square_5x5_three_small,
          minmay_the_grid_square_5x5_fancy_junction,
          minmay_the_grid_square_5x5_bracketed,
          minmay_the_grid_square_5x5_misaligned], layout_basic,
          kennysheep_okawaru_gauntlet, lair_entry_dummy, orc_0_dummy,
          nicolae_zen_rock_garden, grunt_ministairs_10, serial_park_tiny_1,
          nicolae_tso_carved_into_rock

Skill      XL: |  1  2  3  4  5  6  7  8  9 |
---------------+----------------------------+-----
Axes           | 3 4 5 6 8 9 11 14 16 | 16.0
Fighting       | |  3.6
Armour         | |  3.2
Shields        | |  3.2

Action                   |  1- 3 |  4- 6 |  7- 9 || total
-------------------------+-------+-------+-------++-------
Melee: War axe           |   106 |   135 |   245 ||   486
  Use: Potion            |       |       |     4 ||     4
Armor: Scale mail        |    40 |    81 |    95 ||   216
       Plate armour      |       |       |    17 ||    17
Dodge: Dodged            |    32 |    58 |    67 ||   157
Block: Kite shield       |    56 |    77 |   112 ||   245

Table legend: (Time is in decaauts)
 A = Elapsed time spent in this place.
 B = Non-inter-level travel time spent in this place.
 C = Inter-level travel time spent in this place.
 D = Time resting spent in this place.
 E = Time spent auto-exploring this place.
 F = Levels seen in this place.
 G = Mean time per level.
                   A        B        C        D        E       F      G
               +--------+--------+--------+--------+--------+-----+--------+
         Total |   6901 |   6751 |    150 |   2159 |   3555 |   9 |  766.8 |
       Dungeon |   6901 |   6751 |    150 |   2159 |   3555 |   9 |  766.8 |
               +--------+--------+--------+--------+--------+-----+--------+

Top non-repeatable levels by time:
     D:5: 2087 daAuts
     D:8: 1246 daAuts
     D:7: 721 daAuts
     D:3: 654 daAuts
     D:6: 633 daAuts
     D:2: 589 daAuts
     D:4: 489 daAuts
     D:1: 336 daAuts
     D:9: 142 daAuts
